 Dungeon Crawl Stone Soup version 0.16.2-12-gd0ad4c3 (webtiles) character file.

434 hannobal the Slasher (level 6, 0/40 HPs)
             Began as a High Elf Skald on Oct 18, 2015.
             Succumbed to a worker ant's poison
             ... on level 4 of the Dungeon.
             The game lasted 00:15:19 (4230 turns).

hannobal the Slasher (High Elf Skald)               Turns: 4230, Time: 00:15:19

Health: 0/40       AC:  4    Str:  9      XL:     6   Next: 67%
Magic:  15/15      EV: 11    Int: 14 (16) God:
Gold:   130        SH:  0    Dex: 15      Spells: 3 memorised, 4 levels left

rFire  . . .     SeeInvis .     u - -2 mace of Amorality {crush, +Blink +Rage +Inv rC++ Str-4} (curse)
rCold  + + .     Clarity  .     p - -2 ring mail (curse)
rNeg   . . .     SustAb   .     (no shield)
rPois  .         Gourm    .     (no helmet)
rElec  .         Spirit   .     (no cloak)
rCorr  .         Warding  .     (no gloves)
rMut   .         Stasis   .     (no boots)
MR     .....                    (no amulet)
Stlth  +.........               (no ring)
                                (no ring)

@: lethally poisoned (0 -> -9), not resistant to hostile enchantments, very
unstealthy
A: icy blue scales 1
a: Evoke Blink, Evoke Berserk Rage, Evoke Invisibility


You were on level 4 of the Dungeon.
You were not hungry.

You visited 1 branch of the dungeon, and saw 4 of its levels.

You collected 130 gold pieces.

Inventory:

Hand weapons
 a - a +0 falchion
 b - a +0 hunting sling
 i - a +0 dagger
 n - a +0 spear
 u - the cursed -2 mace of Amorality (weapon) {crush, +Blink +Rage +Inv rC++ Str-4}
   (You found it on level 4 of the Dungeon)

   It inflicts extra damage upon your enemies.
   It affects your strength (-4).
   It greatly protects you from cold.
   It lets you turn invisible.
   It lets you blink.
   It lets you go berserk.
   It has a curse placed upon it.
Missiles
 h - 42 sling bullets
 l - 45 arrows
 m - 91 stones (quivered)
 q - 12 arrows of frost
Armour
 e - a +1 leather armour
 j - a +0 plate armour
 p - a cursed -2 ring mail (worn)
Jewellery
 o - an uncursed ring of ice
Magical devices
 t - a wand of disintegration (9)
Scrolls
 k - a scroll of enchant armour
Potions
 s - 2 potions of agility
Books
 c - a book of Battle

   Spells                             Type                      Level
   a - Infusion                       Charms                       1
   b - Shroud of Golubria             Charms/Translocation         2
   c - Song of Slaying                Charms                       2
   d - Spectral Weapon                Hexes/Charms                 3
   e - Regeneration                   Charms/Necromancy            3
 r - a book of Conjurations

   Spells                             Type                      Level
   a - Magic Dart                     Conjuration                  1
   b - Searing Ray                    Conjuration                  2
   c - Dazzling Spray                 Conjuration/Hexes            3
   d - Fulminant Prism                Conjuration/Hexes            4
   e - Iskenderun's Mystic Blast      Conjuration                  4
   f - Iskenderun's Battlesphere      Conjuration/Charms           5
Comestibles
 d - 2 bread rations {@e1}
 f - 4 fruits
 g - a meat ration {@e2}
 v - a chunk of flesh {@w0}


   Skills:
 + Level 2.3 Fighting
 - Level 7.8 Long Blades
 - Level 1.0 Throwing
 - Level 1.0 Armour
 - Level 2.3 Dodging
 - Level 2.4 Spellcasting
 - Level 3.6 Charms
 - Level 1.0 Translocations


You had 4 spell levels left.
You knew the following spells:

 Your Spells              Type           Power        Failure   Level  Hunger
a - Infusion              Chrm           ##....       17%         1    #......
b - Song of Slaying       Chrm           ##......     24%         2    ###....
s - Shroud of Golubria    Chrm/Tloc      #.........   43%         2    ###....


Dungeon Overview and Level Annotations

Branches:
Dungeon (4/15)
 Temple: D:4-7

Altars:
Ashenzari
Cheibriados
Sif Muna
Vehumet
The Shining One

Shops:
D:4 }

Annotations:
D:2 sigge!, Sigmund
D:4 Scuka's ghost, average GrFi


Innate Abilities, Weirdness & Mutations

You are partially covered in icy blue scales (AC +1).


Message History

Okay, then.
Read which item? (? for menu, Esc to quit)
Okay, then.
* * * LOW HITPOINT WARNING * * *
You feel sick.
There is an open door here.
* * * LOW HITPOINT WARNING * * *
You feel sick.
* * * LOW HITPOINT WARNING * * *
You feel sick.
There is an open door here.
* * * LOW HITPOINT WARNING * * *
You feel sick.
You open the door.
* * * LOW HITPOINT WARNING * * *
You feel sick.
* * * LOW HITPOINT WARNING * * *
You feel sick.
There is an open door here.
You die...

≈≈≈.........#'####+##........).##
≈≈≈≈≈..##'#............#+##+#....
≈≈≈≈≈≈.##.'............#.#..#....
≈≈≈≈≈≈.##.#............'.+..'....
≈≈≈≈≈≈.##.#....###'#...# ####....
≈≈≈≈≈..#.#....#...##'########...
≈≈≈.....+....+...'.......+ +...
....##+#....##'##########+#...
.#........@..# #........### ..
+...........+ +........#
.#.#+#...........#+#........###
........##'##+#.......[.#'##...#
.......+...+ +.........+.....##
........#'#####.........#....##
##.....# #...##'##...###....
+.....+ +...+...+...# #....
##+#.....#+#....+###...# #....


There were no monsters in sight!

Vanquished Creatures
  A two-headed ogre (D:4)
  A crimson imp (D:3)
  A hound (D:4)
  3 worker ants (D:4)
  3 adders
  A worm (D:1)
  2 giant geckos
  2 oozes
  7 orcs (D:3)
  A giant cockroach (D:3)
  3 goblins
  8 hobgoblins
  A quokka (D:3)
  5 bats
  9 giant newts
  7 jackals
  2 kobolds (D:3)
  7 rats
64 creatures vanquished.

Notes
Turn   | Place    | Note
--------------------------------------------------------------
     0 | D:1      | hannobal, the High Elf Skald, began the quest for the Orb.
     0 | D:1      | Reached XP level 1. HP: 14/14 MP: 4/4
   307 | D:1      | Reached XP level 2. HP: 17/19 MP: 6/6
   311 | D:1      | Learned a level 2 spell: Song of Slaying
   314 | D:1      | Learned a level 2 spell: Shroud of Golubria
   872 | D:1      | Reached skill level 1 in Translocations
  1005 | D:2      | Noticed Sigmund
  1465 | D:1      | Reached XP level 3. HP: 18/24 MP: 8/8
  1653 | D:1      | Reached skill level 4 in Long Blades
  1898 | D:2      | Found a snail-covered altar of Cheibriados.
  1898 | D:2      | Found a shattered altar of Ashenzari.
  1899 | D:2      | Found a glowing golden altar of the Shining One.
  1907 | D:2      | Gained mutation: You are partially covered in icy blue scales (AC +1). [potion of beneficial mutation]
  2185 | D:3      | Reached XP level 4. HP: 21/29 MP: 11/11
  2195 | D:3      | Reached skill level 1 in Throwing
  2660 | D:3      | Reached skill level 5 in Long Blades
  2726 | D:3      | Reached skill level 1 in Armour
  2845 | D:3      | Found a deep blue altar of Sif Muna.
  3150 | D:3      | Found a radiant altar of Vehumet.
  3220 | D:4      | Noticed Scuka's ghost (average GrFi)
  3414 | D:4      | Reached XP level 5. HP: 32/34 MP: 12/12
  3505 | D:4      | Found Blaism's Gadget Boutique.
  3548 | D:4      | Noticed a two-headed ogre
  3558 | D:4      | Killed a two-headed ogre
  3558 | D:4      | Reached skill level 7 in Long Blades
  3558 | D:4      | Reached XP level 6. HP: 5/39 MP: 6/15
  4033 | D:4      | Got a crystal mace
  4050 | D:4      | Identified the cursed -2 mace of Amorality {crush, +Blink +Rage +Inv rC++ Str-4} (You found it on level 4 of the Dungeon)
  4227 | D:4      | HP: 2/40 [poisoned by a worker ant]
  4230 | D:4      | Succumbed to a worker ant's poison

Action                   |  1- 3 |  4- 6 || total
-------------------------+-------+-------++-------
Melee: Falchion          |   131 |    80 ||   211
       Spear             |    13 |       ||    13
       Mace              |       |     9 ||     9
 Fire: Hunting sling     |    18 |    14 ||    32
Throw: Stone             |     2 |       ||     2
 Cast: Infusion          |     1 |     5 ||     6
       Song of Slaying   |       |     2 ||     2
       Shroud of Golubri |       |     2 ||     2
  Use: Potion            |     4 |     1 ||     5
       Scroll            |     3 |     1 ||     4
 Stab: Sleeping          |     1 |       ||     1
  Eat: Chunk             |     3 |     5 ||     8
       Fruit             |     1 |     2 ||     3
